 Dungeon Crawl Stone Soup version 0.19.5 (webtiles) character file.

268 tidbits the Slasher (level 6, 0/39 HPs)
             Began as a High Elf Skald on Nov 9, 2017.
             Was an Initiate of Makhleb.
             Slain by a centaur (6 damage)
             ... on level 6 of the Dungeon.
             The game lasted 00:15:52 (1134 turns).

tidbits the Slasher (High Elf Skald)                Turns: 1134, Time: 00:15:53

Health: 0/39       AC:  2    Str: 12    XL:     6   Next: 1%
Magic:  6/14       EV: 11    Int: 17    God:    Makhleb [......]
Gold:   98         SH:  4    Dex: 15    Spells: 5 memorised, 4 levels left

rFire  . . .     SeeInvis .     a - +2 short sword (venom)
rCold  + . .     Gourm    .     u - +0 robe
rNeg   . . .     Faith    .     t - +0 buckler
rPois  .         Spirit   .     (no helmet)
rElec  .         Reflect  .     (no cloak)
rCorr  +         Harm     .     (no gloves)
MR     .....                    (no boots)
Stlth  +.........               (no amulet)
                                y - ring of resist corrosion
                                r - ring of protection from cold

@: lethally poisoned (0 -> -2), very slightly contaminated
A: no striking features
a: Renounce Religion


You were on level 6 of the Dungeon.
You worshipped Makhleb.
Makhleb was noncommittal.
You were not hungry.

You visited 2 branches of the dungeon, and saw 7 of its levels.

You collected 98 gold pieces.

Inventory:

Hand Weapons
 a - a +2 short sword of venom (weapon)
   (You found it on level 1 of the Dungeon)
 k - a +0 falchion
 x - a cursed -3 spear
   (You found it on level 4 of the Dungeon)
Missiles
 j - 42 arrows
 m - 4 javelins (quivered)
 n - 26 stones
Armour
 b - a +0 leather armour
 s - a +0 ring mail
   (You found it on level 4 of the Dungeon)
 t - a +0 buckler (worn)
   (You found it on level 4 of the Dungeon)
 u - a +0 robe (worn)
   (You found it on level 4 of the Dungeon)
Jewellery
 r - a ring of protection from cold (left hand)
   (You found it on level 4 of the Dungeon)
 y - a ring of resist corrosion (right hand)
   (You found it on level 4 of the Dungeon)
Scrolls
 e - 2 scrolls of magic mapping
 h - a scroll of teleportation {unknown}
 i - 2 scrolls of fog
 l - a scroll of remove curse
 z - a scroll of enchant armour {unknown}
Potions
 f - a potion of brilliance
 g - 2 potions of might
 p - a potion of invisibility {unknown}
Books
 c - a book of Battle

   Spells                             Type                      Level
   a - Infusion                       Charms                       1
   b - Shroud of Golubria             Charms/Translocation         2
   c - Song of Slaying                Charms                       2
   d - Spectral Weapon                Hexes/Charms                 3
   e - Regeneration                   Charms/Necromancy            3
 q - a book of Callings
   (You found it on level 4 of the Dungeon)

   Spells                             Type                      Level
   a - Summon Small Mammal            Summoning                    1
   b - Call Imp                       Summoning                    2
   c - Call Canine Familiar           Summoning                    3
   d - Summon Guardian Golem          Hexes/Summoning              3
   e - Summon Lightning Spire         Summoning/Air                4
   f - Summon Ice Beast               Ice/Summoning                4
Comestibles
 d - 5 bread rations
 v - a beef jerky
 w - 3 fruits
 A - 2 chunks of flesh


   Skills:
 - Level 2.0 Fighting
 - Level 5.4 Long Blades
 - Level 0.8 Armour
 - Level 1.1 Dodging
 - Level 1.6 Shields
 + Level 4.8 Spellcasting
 - Level 3.6 Charms


You had 4 spell levels left.
You knew the following spells:

 Your Spells              Type           Power        Failure   Level  Hunger
g - Shroud of Golubria    Chrm/Tloc      ##........   14%         2    #......
i - Infusion              Chrm           ###.         6%          1    None
w - Spectral Weapon       Hex/Chrm       ##......     28%         3    ###....
y - Song of Slaying       Chrm           ###.....     10%         2    #......
C - Call Imp              Summ           #.......     30%         2    #......


Dungeon Overview and Level Annotations

Branches:
Dungeon (6/15)             Temple (1/1) D:4

Altars:
Ashenzari
Dithmenos
Elyvilon
Fedhas
Hepliaklqana
Makhleb
Qazlal
Ru
Uskayaw
Xom
The Shining One


Message History

The bullfrog hits you!
You hit the bullfrog.
The bullfrog looks as sick as possible!
The bullfrog is almost dead.
You kill the bullfrog!
Makhleb accepts your kill.
Your Spellcasting skill increases to level 3!
You see here a bullfrog corpse.
You butcher the bullfrog corpse.
A - 3 chunks of flesh Eat one of 3 chunks of flesh? (ye/n/q)
You start eating one of the 3 chunks of flesh.
This raw flesh tastes terrible.
Autopickup is now off.
Autopickup is now on.
Memorise Call Imp, consuming 2 spell levels and leaving 1?
You start memorising the spell.
You continue memorising. x2
You finish memorising.
Spell assigned to 'C'.
Okay, then.
Your spectral weapon fades away.
A centaur comes into view.
The centaur shouts!
The centaur wields a shortbow.
The centaur shoots an arrow.
The arrow hits you!
* * * LOW HITPOINT WARNING * * *
Found an escape hatch in the ceiling.
A scorpion comes into view.
You see here an arrow.
A quokka and a worker ant come into view.
The worker ant twitches its antennae in your direction.
The centaur shoots an arrow.
The arrow hits you!
* * * LOW HITPOINT WARNING * * *
The quokka moves out of view.
You see here an arrow.
You feel much better. The scorpion stings you.
You are poisoned.
The scorpion poisons you!
You puncture the scorpion!
The scorpion is poisoned.
The scorpion is heavily wounded.
You feel sick. The scorpion misses you.
You closely miss the scorpion.
The scorpion is severely wounded.
You feel sick. The scorpion stings you.
You hit the scorpion.
The scorpion looks as sick as possible!
The scorpion is almost dead.
You kill the scorpion!
Makhleb accepts your kill.
Your Spellcasting skill increases to level 4!
The worker ant closely misses you.
You barely miss the worker ant.
You feel sick. The worker ant closely misses you.
You see here an arrow.
Casting: Spectral Weapon
Confirm with . or Enter, or press ? or * to list all spells.
You miscast Spectral Weapon.
You are very lightly contaminated with residual magic.
Your skin tingles.
The worker ant misses you.
Casting: Spectral Weapon
Confirm with . or Enter, or press ? or * to list all spells.
You draw out your weapon's spirit!
You feel sick. The worker ant barely misses you.
You puncture the worker ant!
The worker ant is poisoned.
The worker ant is heavily wounded.
Your spectral weapon hits the worker ant!
You kill the worker ant!
Makhleb accepts your kill.
You have reached level 6!
Your experience leads to an increase in your attributes!
Increase (S)trength, (I)ntelligence, or (D)exterity?
You feel clever. x2
The centaur shoots an arrow.
The arrow barely misses you.
You feel sick.
The centaur unwields an uncursed shortbow.
You block the centaur's attack. The centaur barely misses you.
Things that are here:
an arrow; a worker ant corpse You closely miss the centaur.
You hear the slow rusting of a distant drain.
The centaur hits you.
You hit the centaur.
The centaur is poisoned.
The centaur is moderately wounded.
The centaur closely misses you. The centaur hits you.
You hit the centaur.
The centaur looks as sick as possible!
The centaur is heavily wounded.
The centaur barely misses you.
You hit the centaur but do no damage.
The centaur is heavily wounded.
You feel sick.
The quokka twitches its whiskers.
The centaur hits you!
* * * LOW HITPOINT WARNING * * *
The centaur hits you.
* * * LOW HITPOINT WARNING * * *
You closely miss the centaur.
The centaur is heavily wounded.
The centaur closely misses you.
You closely miss the centaur.
The centaur is heavily wounded.
The centaur hits you.
* * * LOW HITPOINT WARNING * * *
The centaur hits you.
You die...

. .. . ##.# .. ##.......
##.... .... #### ###..#
..... ...#
#######...###..<...
...###.......##(@cr.....
........<.......##......
.....############ .....
...### .... ...# ...
...# .. ...# # ...# ####


You could see a centaur, a quokka and a friendly spectral short sword of venom.

Vanquished Creatures
  A bullfrog (D:6)
  A scorpion (D:6)
  A hound (D:4)
  2 worker ants
  4 adders
  2 oozes (D:3)
  An adder zombie (D:5)
  A worm (D:4)
  3 leopard geckos (D:1)
  2 orcs
  A giant cockroach (D:5)
  A goblin (D:3)
  2 hobgoblins (D:1)
  6 jackals
  3 kobolds
  A leopard gecko zombie (D:5)
  4 rats
36 creatures vanquished.

Notes
Turn   | Place    | Note
-------+----------+-------------------------------------------
     0 | D:1      | tidbits the High Elf Skald began the quest for the Orb.
     0 | D:1      | Reached XP level 1. HP: 14/14 MP: 4/4
    93 | D:1      | Reached skill level 3 in Long Blades
   151 | D:1      | Reached XP level 2. HP: 17/19 MP: 6/6
   219 | D:2      | Reached skill level 4 in Long Blades
   317 | D:3      | Reached XP level 3. HP: 22/24 MP: 2/7
   376 | D:3      | Found a blossoming altar of Fedhas.
   557 | D:4      | Reached skill level 5 in Long Blades
   557 | D:4      | Reached XP level 4. HP: 22/29 MP: 1/8
   632 | D:4      | Found a staircase to the Ecumenical Temple.
   654 | Temple   | Entered the Ecumenical Temple
   682 | Temple   | Became a worshipper of Makhleb the Destroyer
   716 | D:4      | Learned a level 3 spell: Spectral Weapon
   719 | D:4      | Learned a level 2 spell: Song of Slaying
   722 | D:4      | Learned a level 2 spell: Shroud of Golubria
   736 | D:5      | Entered Level 5 of the Dungeon
   770 | D:5      | Found a hazy altar of Hepliaklqana.
   784 | D:5      | Reached skill level 1 in Shields
  1007 | D:4      | Reached XP level 5. HP: 22/34 MP: 5/10
  1088 | D:6      | Reached skill level 3 in Spellcasting
  1096 | D:6      | Learned a level 2 spell: Call Imp
  1117 | D:6      | Noticed a centaur
  1118 | D:6      | HP: 1/34 [centaur/arrow (11)]
  1122 | D:6      | Reached skill level 4 in Spellcasting
  1127 | D:6      | Reached XP level 6. HP: 24/39 MP: 5/14
  1134 | D:6      | Slain by a centaur

Skill      XL: |  1  2  3  4  5 |
---------------+----------------+-----
Long Blades    | 3 4 5 |  5.4
Shields        | 1 |  1.6
Spellcasting   | 4 |  4.8
Fighting       | |  2.0
Armour         | |  0.8
Dodging        | |  1.1
Charms         | |  3.6

Action                   |  1- 3 |  4- 6 || total
-------------------------+-------+-------++-------
Melee: Falchion          |    21 |       ||    21
       Short sword       |    54 |    32 ||    86
 Cast: Infusion          |     7 |     5 ||    12
       Spectral Weapon   |       |     2 ||     2
  Use: Scroll            |       |     6 ||     6
       Potion            |       |     1 ||     1
 Stab: Sleeping          |     1 |       ||     1
  Eat: Chunk             |       |     1 ||     1
Armor: Leather armour    |    14 |       ||    14
       Robe              |     2 |     2 ||     4
Dodge: Dodged            |    34 |    17 ||    51
Block: Buckler           |     2 |     6 ||     8
       Rpst.: Falchion   |     2 |       ||     2

Table legend:
 A = Turns spent in this place as a percentage of turns spent in the entire game.
 B = Non-inter-level travel turns spent in this place as a percentage of non-inter-level travel turns spent in the entire game.
 C = Inter-level travel turns spent in this place as a percentage of turns spent in this place.
 D = Turns resting spent in this place as a percentage of non-inter-level travel turns spent in this place.
 E = Turns spent auto-exploring this place as a percentage of non-inter-level travel turns spent in this place.
 F = Non-inter-level travel turns spent in this place divided by the number of levels of this place that you've seen.
                   A       B       C       D       E      F
               +-------+-------+-------+-------+-------+----------------------
         Total | 100.0 | 100.0 |   0.0 |   0.0 |   0.0 | 152.0
       Dungeon |  94.7 |  94.7 |   0.0 |   0.0 |   0.0 | 168.0
        Temple |   5.3 |   5.3 |   0.0 |   0.0 |   0.0 |  56.0
               +-------+-------+-------+-------+-------+----------------------

Table legend:
 A = Kills in this place as a percentage of kills in entire the game.
 B = Kills by you in this place as a percentage of kills by you in the entire game.
 C = Kills by friends in this place as a percentage of kills by friends in the entire game.
 D = Other kills in this place as a percentage of other kills in the entire game.
 E = Experience gained in this place as a percentage of experience gained in the entire game.
 F = Experience gained in this place divided by the number of levels of this place that you have seen.
                   A       B       C       D       E      F
               +-------+-------+-------+-------+-------+----------------------
         Total | 100.0 | 100.0 |  -nan |  -nan | 100.0 |  54.9
       Dungeon | 100.0 | 100.0 |  -nan |  -nan | 100.0 |  64.0
               +-------+-------+-------+-------+-------+----------------------

Vault maps used:
D:1:      lemuel_arrival_funnel, minmay_misc_feat_hallway
D:2:      lemuel_blue_sif_altar, cheibriados_altar_1, first_bread
D:3:      fedhas_altar_1, grunt_ministairs_10, hangedman_decor_points,
          minivault_4
D:4:      minmay_temple_entry_statues, serial_shops, shop, uniq_natasha
D:5:      overflow_temple_1_default, glass_columns_a, serial_bayou_pond_d,
          due_unseen_surprise
D:6:      portal_sewer_entry_d, uniq_duvessa
Temple:   kb_temple_of_zot
